[Event "Odense-ch IM-1 2018"]
[Site "Odense"]
[Date "2018.10.14"]
[Round "5"]
[White "Fries-Nielsen, Jens Ove"]
[Black "Antonsen, Mikkel"]
[Result "1/2-1/2"]
[ECO "C44"]
[WhiteElo "2370"]
[BlackElo "2429"]
[Annotator "NA"]
[PlyCount "31"]
[EventDate "2018.10.12"]
[EventType "tourn"]
[EventCountry "DEN"]
[SourceTitle "playchess.com"]
[Source "ChessBase"]
[SourceQuality "1"]
[TimeControl "40/5400+30:1800+30"]

1. e4 e5 2. Nf3 Nf6 3. d3 Nc6 4. c4 Bc5 5. h3 d6 6. g3 O-O 7. Bg2 Ne8 8. Nh4 g6 9. Nc3 Ng7 10. Bh6 a6 11. O-O Nd4 12. Kh2 c6 13. Ne2 Nxe2 14. Qxe2 Re8 15. Nf3 Ne6 16. Be3 1/2-1/2